 Dungeon Crawl Stone Soup version 0.20.0-4-g10b340a (webtiles) character file.

95 alfred1011 the Skirmisher (level 4, -1/29 HPs)
             Began as a Gargoyle Fighter on May 27, 2017.
             Slain by a gnoll
             ... wielding a +0 halberd
              (2 damage)
             ... on level 4 of the Dungeon.
             The game lasted 00:04:01 (1077 turns).

alfred1011 the Skirmisher (Gargoyle Fighter)        Turns: 1077, Time: 00:04:02

Health: -1/29      AC: 12    Str: 20    XL:     4   Next: 66%
Magic:  4/4        EV:  7    Int:  8    God:
Gold:   85         SH:  9    Dex: 10    Spells: 3/3 levels left

rFire    . . .     SeeInvis .   a - +0 flail
rCold    . . .     Gourm    .   c - +0 shield
rNeg     + . .     Faith    .   b - +0 scale mail
rPois    ∞         Spirit   .   o - +2 hat
rElec    +         Reflect  .   (no cloak)
rCorr    .         Harm     .   (no gloves)
MR       .....                  (no boots)
Stlth    ..........             (no amulet)
Regen    0.1/turn               (no ring)
MPRegen  0.1/turn               (no ring)

@: no status effects
A: negative energy resistance 1, electricity resistance, unbreathing,
petrification resistance, rot immunity, AC +3
a: no special abilities


You were on level 4 of the Dungeon.
You were hungry.

You visited 1 branch of the dungeon, and saw 3 of its levels.

You collected 85 gold pieces.

Inventory:

Hand Weapons
 a - a +0 flail (weapon)
Armour
 b - a +0 scale mail (worn)
 c - a +0 shield (worn)
 o - a +2 hat (worn)
Scrolls
 i - a scroll of teleportation {unknown}
 j - 4 scrolls of identify {unknown}
 l - a scroll of noise {unknown}
 m - 2 scrolls of amnesia {unknown}
 p - a scroll of recharging {unknown}
 r - a scroll of remove curse {unknown}
Potions
 d - a potion of brilliance {unknown}
 e - a potion of heal wounds {unknown}
 k - a potion of cancellation {unknown}
 n - a potion of curing {unknown}
 q - a potion of agility {unknown}
Comestibles
 f - 3 bread rations
 g - 3 chunks of flesh
 h - a royal jelly


   Skills:
 + Level 4.1 Fighting
 * Level 3.7 Maces & Flails
 + Level 3.8 Armour
 - Level 3.2 Shields


You had 3 spell levels left.
You didn't know any spells.

Dungeon Overview and Level Annotations

Branches:
Dungeon (2/15)

Altars:


Innate Abilities, Weirdness & Mutations

You are resistant to torment.
Your stone body is resilient. (AC +3)
You are immune to poison.
You resist negative energy. (rN+)
You are resistant to electric shocks. (rElec)
You can survive without breathing.
You are immune to petrification.
You are immune to rotting.


Message History

The gnoll hits you from afar with a halberd of protection.
You block the frilled lizard's attack.
You closely miss the frilled lizard.
The frilled lizard is heavily wounded.
The frilled lizard barely misses you. You block the gnoll's attack.
Your shield and scale mail prevent you from hitting the frilled lizard.
The frilled lizard is heavily wounded.
The frilled lizard bites you but does no damage.
The gnoll barely misses you.
You hit the frilled lizard.
You kill the frilled lizard!
The gnoll hits you with a whip!
* * * LOW HITPOINT WARNING * * *
The gnoll hits you from afar with a halberd of protection.
* * * LOW HITPOINT WARNING * * *
The gnoll hits you from afar with a halberd.
* * * LOW HITPOINT WARNING * * *
The gnoll hits you but does no damage. You block the gnoll's attack.
The gnoll hits you with a halberd.
You die...

###+####.......+
#..............#.
#................#
#........#########
###........#
+.#........#
#.#........#
#.#gg......# .
#..@g......#
..#######.##.#
........#.##.#
........#gg#)#
........#..#.#
........#..#.#
.....g..'..#.#
........##.#.#####.
...................


You could see 3 gnolls.

Vanquished Creatures
  Jessica (D:2)
  A worker ant (D:4)
  2 gnolls
  An adder (D:4)
  A leopard gecko (D:1)
  A giant cockroach (D:1)
  2 goblins (D:1)
  3 hobgoblins
  A quokka (D:4)
  4 frilled lizards
  A kobold (D:1)
  2 rats (D:1)
20 creatures vanquished.

Notes
Turn   | Place    | Note
-------+----------+-------------------------------------------
     0 | D:1      | alfred1011 the Gargoyle Fighter began the quest for the Orb.
     0 | D:1      | Reached XP level 1. HP: 14/14 MP: 1/1
    88 | D:1      | Reached XP level 2. HP: 5/19 MP: 2/2
   815 | D:2      | Noticed Jessica
   817 | D:2      | Killed Jessica
   817 | D:2      | Reached XP level 3. HP: 24/24 MP: 3/3
   827 | D:2      | Found a faded altar of an unknown god.
   916 | D:2      | You fall through a shaft for 2 floors!
   933 | D:4      | damned traps lol
   940 | D:4      | Reached XP level 4. HP: 29/29 MP: 4/4
  1042 | D:4      | Reached skill level 4 in Fighting
  1076 | D:4      | HP: 1/29 [gnoll/halberd (1)]
  1077 | D:4      | Slain by a gnoll

Skill      XL: |  1  2  3  4 |
---------------+-------------+-----
Maces & Flails | 3 |  3.7
Fighting       | 4 |  4.1
Armour         | |  3.8
Shields        | |  3.2

Action                   |  1- 3 |  4- 6 || total
-------------------------+-------+-------++-------
Melee: Flail             |    57 |    38 ||    95
  Use: Potion            |     1 |       ||     1
Armor: Scale mail        |    41 |    23 ||    64
Dodge: Dodged            |    32 |    17 ||    49
Block: Shield            |    45 |    19 ||    64
